 Dungeon Crawl Stone Soup version 0.18.1-48-g4cf74bf (webtiles) character file.

428 Peloso the Covered (level 6, -2/56 HPs)
             Began as a Minotaur Fighter on Aug 26, 2016.
             Was an Initiate of Okawaru.
             Killed from afar by an orc wizard (11 damage)
             ... with a puff of flame
             ... on level 4 of the Dungeon.
             The game lasted 00:06:03 (2543 turns).

Peloso the Covered (Minotaur Fighter)               Turns: 2543, Time: 00:06:04

Health: -2/56      AC:  8    Str: 21    XL:     6   Next: 65%
Magic:  14/14      EV:  4    Int:  5    God:    Okawaru [......]
Gold:   162        SH:  9    Dex: 11    Spells: 0 memorised, 5 levels left

rFire  . . .     SeeInvis .     a - +0 long sword
rCold  . . .     Gourm    .     b - +0 scale mail
rNeg   . . .     Faith    .     c - +0 shield
rPois  .         Spirit   .     (helmet restricted)
rElec  .         Dismiss  .     o - +0 cloak
rCorr  .         Reflect  .     (no gloves)
SustAt .         Harm     .     (no boots)
MR     .....                    (no amulet)
Stlth  ..........               u - -3 ring of evasion (curse)
                                t - ring of magical power

@: heavily drained, not resistant to hostile enchantments, extremely unstealthy
A: retaliatory headbutt, horns 2
a: Renounce Religion


You were on level 4 of the Dungeon.
You worshipped Okawaru.
Okawaru was noncommittal.
You were not hungry.

You visited 1 branch of the dungeon, and saw 4 of its levels.

You collected 162 gold pieces.

Inventory:

Hand Weapons
 a - a +0 long sword (weapon)
 m - a +1 hand axe of flaming
Armour
 b - a +0 scale mail (worn)
 c - a +0 shield (worn)
 o - a +0 cloak (worn)
Jewellery
 t - a ring of magical power (left hand)
 u - a cursed -3 ring of evasion (right hand)
Scrolls
 i - a scroll of random uselessness {unknown}
 n - 2 scrolls of identify
 p - 5 scrolls of magic mapping {unknown}
Potions
 d - a potion of berserk rage {unknown}
 e - a potion of degeneration {unknown}
 g - a potion of curing
 h - 2 potions of ambrosia {unknown}
 j - a potion of lignification {unknown}
 l - 2 potions of mutation {unknown}
 q - a potion of magic {unknown}
 r - 2 potions of flight {unknown}
 s - a potion of brilliance {unknown}
Comestibles
 f - a bread ration
 k - 4 meat rations


   Skills:
 + Level 5.0(2.8) Fighting
 + Level 3.8(1.7) Long Blades
 + Level 5.6(3.4) Armour
 + Level 3.5(1.4) Dodging
 + Level 0.1(0.0) Stealth
 + Level 5.0(2.8) Shields


You had 5 spell levels left.
You didn't know any spells.

Dungeon Overview and Level Annotations

Branches:
Dungeon (4/15)
 Temple: D:4-7

Altars:
Ashenzari
Elyvilon
Okawaru
Sif Muna
Trog


Innate Abilities, Weirdness & Mutations

You reflexively headbutt those who attack you in melee.
You have a pair of horns on your head.


Message History

You feel drained.
Unknown command.
You barely miss something. Something hits you.
The orc priest hits you with a dagger of draining.
* * * LOW HITPOINT WARNING * * *
You feel drained.
Unknown command.
Drink which item? (? for menu, Esc to quit)
You feel better. Something hits you but does no damage.
The orc priest invokes the aid of Beogh against you.
Pain shoots through your body!
Your shield prevents you from hitting something.
Your headbutt misses something. Something hits you but does no damage.
The orc priest invokes the aid of Beogh against you.
Pain shoots through your body!
* * * LOW HITPOINT WARNING * * *
You hear some strange, mumbled words.
A puff of flame appears from out of thin air!
The puff of flame hits you!
You die...

......... #
..#.#..##.#
..........
#.####.........
#.........o....
.......s.%.....
#####.#o###.###
#.#o# #.#@# ..
#.#{##### #.
#.#.....# #.#
#.#####.#
#.#####.#####.#
#.............#
#.......####..#
#.......# #..#
#.......# ##.#


You could see a scorpion, an orc priest and an orc.

Vanquished Creatures
  Grinder (D:3)
  A giant frog (D:3)
  An iguana (D:4)
  Terence (D:2)
  An adder (D:3)
  2 oozes (D:1)
  3 worms (D:3)
  3 dart slugs
  A giant gecko (D:3)
  4 orcs
  6 ball pythons
  3 giant cockroaches (D:3)
  9 goblins
  8 hobgoblins
  2 jackals (D:4)
  2 quokkas
  6 bats
  3 giant newts
  3 kobolds
  6 rats
66 creatures vanquished.

Notes
Turn   | Place    | Note
--------------------------------------------------------------
     0 | D:1      | Peloso the Minotaur Fighter began the quest for the Orb.
     0 | D:1      | Reached XP level 1. HP: 19/19 MP: 0/0
   198 | D:1      | Reached XP level 2. HP: 27/27 MP: 1/1
   518 | D:1      | Reached skill level 1 in Dodging
   540 | D:1      | Reached XP level 3. HP: 32/33 MP: 2/2
   754 | D:2      | Found a shattered altar of Ashenzari.
   920 | D:2      | Found an iron altar of Okawaru.
   931 | D:2      | Became a worshipper of Warmaster Okawaru
   957 | D:2      | Noticed Terence
   964 | D:2      | Killed Terence
   985 | D:2      | Reached XP level 4. HP: 32/40 MP: 3/3
  1322 | D:3      | Noticed Grinder
  1330 | D:3      | Paralysed by Grinder for 3 turns
  1423 | D:3      | Paralysed by Grinder for 7 turns
  1665 | D:3      | Killed Grinder
  1665 | D:3      | Reached skill level 5 in Armour
  1665 | D:3      | Reached XP level 5. HP: 28/47 MP: 4/4
  1665 | D:3      | Reached XP level 6. HP: 32/53 MP: 5/5
  1961 | D:3      | Found an iron altar of Okawaru.
  2134 | D:3      | Found a white marble altar of Elyvilon.
  2136 | D:3      | Found a bloodstained altar of Trog.
  2345 | D:3      | Found a deep blue altar of Sif Muna.
  2441 | D:4      | Reached skill level 5 in Shields
  2531 | D:4      | Reached skill level 5 in Fighting
  2543 | D:4      | Killed from afar by an orc wizard

Skill      XL: |  1  2  3  4  5  6 |
---------------+-------------------+-----
Armour         | 4 5 |  5.6
Fighting       | 4 5 |  5.0
Dodging        | 1 3 |  3.5
Shields        | 4 5 |  5.0
Long Blades    | 3 |  3.8
Stealth        | |  0.1

Action                   |  1- 3 |  4- 6 || total
-------------------------+-------+-------++-------
Melee: Long sword        |    80 |   119 ||   199
       Headbutt          |    13 |    26 ||    39
  Use: Scroll            |     3 |       ||     3
       Potion            |       |     3 ||     3
  Eat: Chunk             |       |     1 ||     1
       Meat ration       |       |     1 ||     1
Armor: Scale mail        |    52 |    49 ||   101
Dodge: Dodged            |    46 |    33 ||    79
Block: Shield            |    53 |    49 ||   102
